 Dungeon Crawl Stone Soup version 0.23-a0-644-gb60d84b (webtiles) character file.

1687 Borgoz the Grappler (level 9, -2/69 (71) HPs)
             Began as a Ghoul Gladiator on Jan 1, 2019.
             Was a Believer of Okawaru.
             Slain by Snorg (16 damage)
             ... on level 10 of the Dungeon.
             The game lasted 00:12:59 (5487 turns).

Borgoz the Grappler (Ghoul Gladiator)               Turns: 5487, Time: 00:13:00

HP:   -2/69 (71)    AC: 10    Str: 18    XL:     9   Next: 2%
MP:   6/8           EV: 18    Int:  3    God:    Okawaru [**....]
Gold: 331           SH:  0    Dex: 22    Spells: 8/8 levels left

rFire    . . .     SeeInvis +   f - +2 hand axe "Arcanum" {chop, Dex+9 SInv Stlth-} (curse)
rCold    + . .     Gourm    .   (no shield)
rNeg     + + +     Faith    .   g - +0 scale mail
rPois    ∞         Spirit   .   b - +0 helmet
rElec    .         Reflect  .   (no cloak)
rCorr    .         Harm     .   (no gloves)
MR       .....                  (no boots)
Stlth    +.........             (no amulet)
HPRegen  0.00/turn              j - ring of poison resistance
MPRegen  0.11/turn              (no ring)

@: heroism, rotting
A: rotting body, claws 1, carnivore, cold resistance 1, negative energy
resistance 3, inhibited regeneration, torment resistance, unbreathing
a: Heroism, Renounce Religion


You were on level 10 of the Dungeon.
You worshipped Okawaru.
Okawaru was pleased with you.
You were not hungry.

You visited 1 branch of the dungeon, and saw 9 of its levels.

You collected 331 gold pieces.

Inventory:

Hand Weapons
 f - the cursed +2 hand axe "Arcanum" (weapon) {chop, Dex+9 SInv Stlth-}
   (You found it on level 6 of the Dungeon)

   It inflicts extra damage upon your enemies.
   It affects your dexterity (+9).
   It lets you see invisible.
   It makes you less stealthy.
   It has a curse placed upon it.
Missiles
 c - 4 throwing nets (quivered)
Armour
 b - a +0 helmet (worn)
 g - a +0 scale mail (worn)
Jewellery
 j - a ring of poison resistance (left claw)
Wands
 n - a wand of digging (6)
Scrolls
 h - 4 scrolls of random uselessness {unknown}
 i - 3 scrolls of remove curse {unknown}
 k - 2 scrolls of noise {unknown}
 m - 2 scrolls of blinking {unknown}
 o - 2 scrolls of magic mapping {unknown}
 s - 2 scrolls of enchant weapon {unknown}
 t - a scroll of immolation {unknown}
Potions
 l - 3 potions of lignification
 q - 2 potions of brilliance
 r - 2 potions of cancellation
Comestibles
 d - 7 rations


   Skills:
 + Level 4.1(9.1) Fighting
 + Level 1.8(6.8) Axes
 - Level 1.8(6.8) Throwing
 + Level 5.1(10.1) Armour
 + Level 4.7(9.7) Dodging
 - Level 0.7(5.7) Stealth
 - Level 8.8(13.8) Unarmed Combat


You had 8 spell levels left.
You didn't know any spells.
Your spell library contained the following spells:

 Spells                   Type           Power        Failure   Level  Hunger
 Animate Skeleton         Necr           N/A          83%         1    ##.....
 Apportation              Tloc           #.....       83%         1    ##.....
 Confusing Touch          Hex            #.....       83%         1    ##.....
 Sandblast                Erth           #.....       83%         1    ##.....
 Summon Small Mammal      Summ           #...         83%         1    ##.....
 Passwall                 Tmut/Erth      #.......     93%         2    ###....
 Stone Arrow              Conj/Erth      #.....       99%         3    ####...
 Petrify                  Tmut/Erth      #.......     100%        4    #####..
 Lee's Rapid Deconstruct  Erth           #.........   100%        5    ######.


Dungeon Overview and Level Annotations

Branches:
Dungeon (11/15)
 Temple: D:4-7         Lair: D:8-11         Orc: D:9-12

Altars:
Cheibriados
Dithmenos
Elyvilon
Fedhas
Hepliaklqana
Okawaru
Sif Muna
Vehumet
The Shining One

Shops:
D:6 (

Annotations:
D:5 2 transporters, Thaneod's ghost, amateur DEIE
D:10 Snorg


Innate Abilities, Weirdness & Mutations

Your body is rotting away.
You thrive on raw meat.
You are immune to poison.
You have sharp fingernails.
You are carnivorous and can eat meat at any time.
Your flesh is cold resistant. (rC+)
You are immune to negative energy. (rN+++)
You do not regenerate when monsters are visible.
You are immune to unholy pain and torment.
You can survive without breathing.


Message History

Snorg is lightly wounded.
Snorg closely misses you. Snorg claws you! Snorg barely misses you.
You closely miss Snorg.
Snorg is lightly wounded.
Snorg closely misses you. Snorg claws you but does no damage. Snorg claws you.
Snorg bites you. Snorg claws you. x2
You gain the combat prowess of a mighty hero.
Snorg closely misses you. Snorg claws you. Snorg closely misses you.
You hit Snorg.
Snorg is lightly wounded.
Snorg goes berserk!
You slash Snorg!
Snorg is lightly wounded.
Snorg barely misses you. x2; Snorg claws you!
* * * LOW HITPOINT WARNING * * *
You closely miss Snorg.
Snorg is lightly wounded.
Snorg completely misses you. Snorg claws you but does no damage.
Snorg closely misses you. Snorg bites you!
You die...

##.####
#....##########
####.#........#
#.#........#
#..........#
###........#
#........#
#........#
#.....@..#
#....T...#
#........#
##########


You could see Snorg (berserk).

Vanquished Creatures
  Sigmund (D:2)
  Edmund (D:6)
  2 sky beasts
  A centaur (D:5)
  A scorpion (D:4)
  A water moccasin skeleton (D:4)
  6 killer bees (D:10)
  A bullfrog zombie (D:5)
  7 orc wizards
  A centaur skeleton (D:5)
  An iguana (D:6)
  Jessica (D:2)
  4 worker ants
  2 hound zombies (D:5)
  8 adders
  8 gnolls
  3 shadow imps
  3 oozes
  5 worms
  8 dart slugs
  3 leopard geckos
  19 orcs
  9 bats
  5 giant cockroaches
  10 goblins
  8 hobgoblins
  12 jackals
  6 kobolds
  4 quokkas
  A ball python (D:2)
  3 frilled lizards
  A leopard gecko skeleton (D:5)
  9 rats
155 creatures vanquished.

Vanquished Creatures (others)
  A scorpion (D:9)
1 creature vanquished.

Grand Total: 156 creatures vanquished

Notes
Turn   | Place    | Note
-------+----------+-------------------------------------------
     0 | D:1      | Borgoz the Ghoul Gladiator began the quest for the Orb.
     0 | D:1      | Reached XP level 1. HP: 17/17 MP: 0/0
    68 | D:1      | Reached XP level 2. HP: 15/24 MP: 1/1
   197 | D:1      | Reached XP level 3. HP: 28/30 MP: 2/2
   259 | D:1      | Reached skill level 4 in Unarmed Combat
   792 | D:2      | Reached XP level 4. HP: 37/37 MP: 3/3
   912 | D:2      | Noticed Sigmund
   923 | D:2      | Killed Sigmund
   923 | D:2      | Reached skill level 1 in Armour
   923 | D:2      | Reached skill level 5 in Unarmed Combat
   923 | D:2      | Reached XP level 5. HP: 28/44 MP: 4/4
   923 | D:2      | Reached XP level 6. HP: 32/50 MP: 5/5
   962 | D:2      | Noticed Jessica
   969 | D:2      | Killed Jessica
  1006 | D:2      | Found a glowing golden altar of the Shining One.
  1053 | D:2      | Reached skill level 6 in Unarmed Combat
  1142 | D:2      | Found a faded altar of an unknown god.
  1357 | D:2      | Found an iron altar of Okawaru.
  1397 | D:2      | Became a worshipper of Warmaster Okawaru
  1912 | D:3      | Reached XP level 7. HP: 47/57 MP: 6/6
  2432 | D:3      | Found a deep blue altar of Sif Muna.
  2696 | D:4      | Reached skill level 7 in Unarmed Combat
  2765 | D:4      | Reached * piety under Okawaru
  3069 | D:4      | Found a white marble altar of Elyvilon.
  3259 | D:5      | Entered Level 5 of the Dungeon
  3301 | D:5      | Noticed Thaneod's ghost (amateur DEIE)
  3310 | D:5      | Found a transporter.
  3324 | D:5      | Found a transporter.
  3413 | D:5      | Found a snail-covered altar of Cheibriados.
  3499 | D:5      | Reached XP level 8. HP: 50/63 MP: 7/7
  3789 | D:5      | Reached skill level 8 in Unarmed Combat
  3978 | D:5      | Found a hazy altar of Hepliaklqana.
  4304 | D:6      | Found a radiant altar of Vehumet.
  4312 | D:6      | Noticed Edmund
  4321 | D:6      | Got a bloodstained hand axe
  4333 | D:6      | Killed Edmund
  4337 | D:6      | Identified the cursed +2 hand axe "Arcanum" {chop, Dex+9
                  | SInv Stlth-} (You found it on level 6 of the Dungeon)
  4404 | D:6      | Found Jucs's Antique Weapon Shoppe.
  4408 | D:6      | Found a shadowy altar of Dithmenos.
  4408 | D:6      | Found a blossoming altar of Fedhas.
  4486 | D:6      | You fall through a shaft for 3 floors!
  4486 | D:9      | Noticed a wyvern
  4489 | D:9      | Noticed a wyvern
  4490 | D:9      | Noticed a hippogriff
  4490 | D:9      | Noticed a yak
  4490 | D:9      | Noticed a yak
  4490 | D:9      | Noticed a yak
  4490 | D:9      | Noticed a yak
  4521 | D:9      | You fall through a shaft for 2 floors!
  4653 | D:10     | Entered Level 10 of the Dungeon
  4714 | D:10     | Noticed a yak
  4718 | D:10     | Noticed a yak
  4773 | D:10     | Reached ** piety under Okawaru
  4773 | D:10     | Reached skill level 1 in Axes
  4814 | D:10     | HP: 1/66 [killer bee (7)]
  5170 | D:10     | Reached skill level 5 in Armour
  5170 | D:10     | Reached XP level 9. HP: 7/71 MP: 8/8
  5239 | D:10     | Noticed Snorg
  5487 | D:10     | Slain by Snorg

Vault maps used:
D:1:      lightli_molten_gateway
D:2:      okawaru_altar_gauntlet_db, tso_metal_star,
          chequers_ecumenical_altar_simple, uniq_jessica, uniq_sigmund
D:3:      lemuel_blue_sif_altar
D:4:      overflow_temple_1_default, first_ration
D:5:      kennysheep_mini, cheibriados_altar_1, gammafunk_ghost_stat_death
D:6:      nicolae_overflow_hidden_temple,
          chequers_temple_overflow_statue_of_worship,
          minmay_temple_entry_glassed_door, serial_shops,
          nicolae_shop_temple_entry_statues_fountains, basic_altar,
          lightli_ossuary_entry_decrepit_ruins, kennysheep_generic_room_14,
          uniq_edmund
D:9:      marbit_many_paths, erik_lair_dragon, orc_0_dummy, blue_anna_alchemist,
          lemuel_flame_loot_1
D:10:     grunt_dithmenos_smoke, uniq_snorg
D:11:     gammafunk_ghost_icy

Skill      XL: |  1  2  3  4  5  6  7  8 |
---------------+-------------------------+-----
Dodging        | 3 4 |  4.7
Unarmed Combat | 4 5 6 7 8 |  8.8
Armour         | 1 2 3 5 |  5.1
Fighting       | 3 4 |  4.1
Axes           | 1 |  1.8
Throwing       | |  1.8
Stealth        | |  0.7

Action                   |  1- 3 |  4- 6 |  7- 9 || total
-------------------------+-------+-------+-------++-------
Melee: Unarmed           |   113 |   183 |   250 ||   546
       Punch             |     1 |     2 |    15 ||    18
       Hand axe          |       |       |    89 ||    89
Invok: Heroism           |       |       |     3 ||     3
  Use: Scroll            |       |       |     9 ||     9
       Potion            |       |       |     8 ||     8
  Eat: Chunk             |     6 |    14 |    22 ||    42
Armor: Leather armour    |     6 |       |       ||     6
       Scale mail        |    45 |    57 |   150 ||   252
Dodge: Dodged            |    74 |    92 |   255 ||   421

Table legend:
 A = Non-vault XP
 B = Vault XP
 C = Vault XP percentage of total XP
 D = Non-vault monster count
 E = Vault monster count
 F = Vault count percentage of total count
                 A         B        C        D         E       F
            +---------+---------+-------+---------+---------+-------
      Total |    1938 |     473 |  19.6 |     146 |       9 |   5.8
            +---------+---------+-------+---------+---------+-------
        D:1 |      68 |       0 |   0.0 |      35 |       0 |   0.0
        D:2 |      93 |     309 |  76.9 |      26 |       8 |  23.5
        D:3 |     286 |       0 |   0.0 |      31 |       0 |   0.0
        D:4 |     307 |       0 |   0.0 |      16 |       0 |   0.0
        D:5 |     531 |       0 |   0.0 |      23 |       0 |   0.0
        D:6 |      50 |     164 |  76.6 |       2 |       1 |  33.3
        D:9 |      13 |       0 |   0.0 |       1 |       0 |   0.0
       D:10 |     590 |       0 |   0.0 |      12 |       0 |   0.0
            +---------+---------+-------+---------+---------+-------
